 Dungeon Crawl Stone Soup version 0.24.0-125-gc4c63601f3 (webtiles) character file.

Game seed: 5803725465017602755, levelgen mode: deterministic

11493 Mrkan the Cleaver (level 11, -2/101 HPs)
             Began as a Minotaur Monk on Feb 25, 2020.
             Was a High Priest of Trog.
             Slain by an eight-headed hydra (3 damage)
             ... on level 10 of the Dungeon.
             The game lasted 00:18:13 (10765 turns).

Mrkan the Cleaver (Minotaur Monk)                  Turns: 10765, Time: 00:18:14

Health: -2/101     AC: 30    Str: 18    XL:     11   Next: 50%
Magic:  10/10      EV:  6    Int:  7    God:    Trog [*****.]
Gold:   522        SH:  0    Dex: 14    Spells: 10/10 levels left

rFire    . . .     SeeInvis .   z - +0 dire flail
rCold    . . .     Gourm    +   (shield currently unavailable)
rNeg     . . .     Faith    .   o - +5 crystal plate armour
rPois    .         Spirit   .   (helmet restricted)
rElec    .         Reflect  .   r - +0 cloak
rCorr    .         Harm     .   G - +2 pair of gloves
MR       +....                  (no boots)
Stlth    ..........             m - amulet of the gourmand
HPRegen  0.26/turn              n - ring of protection from magic
MPRegen  0.12/turn              (no ring)

@: no status effects
A: retaliatory headbutt, horns 2
a: Berserk, Trog's Hand, Brothers in Arms, Renounce Religion


You were on level 10 of the Dungeon.
You worshipped Trog.
Trog was extremely pleased with you.
You were completely stuffed.

You visited 2 branches of the dungeon, and saw 12 of its levels.

You collected 592 gold pieces.
You spent 70 gold pieces at shops.

Inventory:

Hand Weapons
 h - a +0 morningstar
 v - a -1 executioner's axe
 z - a +0 dire flail (weapon)
Missiles
 t - 3 silver javelins (quivered)
Armour
 d - a +0 plate armour
 o - a +5 crystal plate armour (worn)
 r - a +0 cloak (worn)
 G - a +2 pair of gloves (worn)
Jewellery
 f - an uncursed ring of fire {unknown}
 g - an uncursed amulet of faith {unknown}
 l - an uncursed ring of ice
 m - an amulet of the gourmand (around neck)
 n - a ring of protection from magic (left hand)
 q - an uncursed amulet of the acrobat {unknown}
Wands
 k - a wand of paralysis (8)
 p - a wand of digging (5)
Scrolls
 a - 3 scrolls of identify
 b - 2 scrolls of blinking
 u - 8 scrolls of teleportation
 y - a scroll of fog
 C - a scroll of summoning {unknown}
 D - 5 scrolls of remove curse
 H - a scroll of torment {unknown}
Potions
 e - 2 potions of flight
 i - 3 potions of curing
 j - 3 potions of ambrosia
 s - a potion of heal wounds
 w - a potion of brilliance {unknown}
 x - 2 potions of berserk rage {unknown}
 A - 2 potions of cancellation {unknown}
 B - a potion of mutation {unknown}
 F - 3 potions of lignification
 I - 2 potions of agility {unknown}
Comestibles
 c - 19 rations


   Skills:
 + Level 10.5 Fighting
 * Level 13.8 Axes
 - Level 0.4 Throwing
 + Level 9.7 Armour
 + Level 9.6 Dodging
 - Level 1.5 Stealth


You had 10 spell levels left.
You didn't know any spells.
Your spell library contained the following spells:

 Spells                   Type           Power        Failure   Level  Hunger
 Animate Skeleton         Necr           N/A          100%        1    ##.....
 Pain                     Necr           #...         100%        1    ##.....
 Regeneration             Chrm/Necr      #.........   100%        3    ####...
 Vampiric Draining        Necr           #.........   100%        3    ####...
 Animate Dead             Necr           N/A          100%        4    #####..


Dungeon Overview and Level Annotations

Branches:
Dungeon (11/15)            Temple (1/1) D:6            Lair (0/6) D:11
    Orc: D:9-12

Altars:
Ashenzari
Cheibriados
Dithmenos
Elyvilon
Fedhas
Gozag
Hepliaklqana
Kikubaaqudgha
Makhleb
Nemelex Xobeh
Okawaru
Qazlal
Ru
Sif Muna
Trog
Uskayaw
Vehumet
Wu Jian
Xom
Yredelemnul
Zin
The Shining One

Shops:
D:4 !

Annotations:
D:7 exclusion: oklob plant
D:9 1 runed translucent door, infcreate's ghost, novice DECj


Innate Abilities, Weirdness & Mutations

You reflexively headbutt those who attack you in melee.
You have a pair of horns on your head.


Message History

You barely miss the eight-headed hydra. You headbutt the eight-headed hydra.
The eight-headed hydra is moderately wounded.
The eight-headed hydra bites you but does no damage. x2
The eight-headed hydra barely misses you.
The eight-headed hydra bites you but does no damage. x3
The eight-headed hydra barely misses you.
The eight-headed hydra bites you but does no damage.
You barely miss the eight-headed hydra.
The eight-headed hydra is moderately wounded.
The eight-headed hydra bites you but does no damage. x4
The eight-headed hydra bites you.
* * * LOW HITPOINT WARNING * * *
The eight-headed hydra bites you but does no damage. x3
Unknown command.
You hit the eight-headed hydra.
The eight-headed hydra is moderately wounded.
The eight-headed hydra bites you but does no damage. x3
The eight-headed hydra barely misses you.
The eight-headed hydra bites you.
You die...

...###........##
##......# ..##
#.......##
##..#.## .##
####...## ###.##
.# ##..## #.# .#
##..## ##.# .#
##..### #.## ##
##.>)### #.# #
#..)..#### ##.# #
#.[[@....####
#.##
#..D##......###.#
#...####........#
#....#
###.....###
#....# ###.....#
#....# ###.###
##...# #.# #...#
#.## #...## #..#


You could see an eight-headed hydra.

Vanquished Creatures
  2 two-headed ogres
  A cyclops (D:11)
  Joseph (D:8)
  Grinder (D:6)
  Prince Ribbit (D:7)
  A troll (D:10)
  2 hippogriffs
  A spriggan (D:7)
  5 yaks (D:9)
  A wraith (D:9)
  2 water moccasins
  5 orc warriors
  6 ice beasts
  6 ogres
  3 sky beasts
  2 black bears
  3 phantoms
  2 necrophages
  10 centaurs
  3 big kobolds
  5 bullfrogs
  7 scorpions
  18 killer bees
  7 wights
  A howler monkey (D:6)
  5 crimson imps
  2 bullfrog zombies
  3 centaur zombies
  3 jellies
  3 hounds
  10 orc wizards
  11 orc priests
  2 centaur skeletons
  5 bullfrog skeletons
  3 iguanas
  7 worker ants
  A killer bee zombie (D:8)
  A worker ant zombie (D:6)
  4 gnolls (D:5)
  12 adders
  2 shadow imps
  An ooze (D:1)
  A worm (D:6)
  2 dart slugs
  6 leopard geckos
  41 orcs
  A ball python (D:3)
  15 bats
  7 giant cockroaches
  8 goblins
  10 hobgoblins
  16 jackals
  5 quokkas
  4 frilled lizards
  A jackal skeleton (D:6)
  20 kobolds
  3 leopard gecko zombies
  A quokka zombie (D:8)
  7 rats
  A fungus (D:4)
320 creatures vanquished.

Vanquished Creatures (others)
  A fungus (D:4)
1 creature vanquished.

Grand Total: 321 creatures vanquished

Notes
Turn   | Place    | Note
-------+----------+-------------------------------------------
     0 | D:1      | Mrkan the Minotaur Monk began the quest for the Orb.
     0 | D:1      | Reached XP level 1. HP: 19/19 MP: 0/0
    69 | D:1      | Reached XP level 2. HP: 14/27 MP: 1/1
    70 | D:1      | Reached skill level 4 in Axes
   169 | D:1      | Reached skill level 1 in Armour
   441 | D:1      | Reached XP level 3. HP: 29/33 MP: 2/2
  1593 | D:3      | Reached XP level 4. HP: 40/40 MP: 3/3
  1855 | D:3      | Reached skill level 5 in Axes
  2275 | D:4      | Noticed an ogre
  2283 | D:4      | Killed an ogre
  2283 | D:4      | Reached XP level 5. HP: 47/47 MP: 4/4
  2415 | D:4      | Reached XP level 6. HP: 51/55 MP: 5/5
  2476 | D:4      | Reached skill level 5 in Fighting
  2476 | D:4      | Reached skill level 6 in Axes
  2583 | D:4      | Reached XP level 7. HP: 25/61 MP: 6/6
  3021 | D:4      | Reached skill level 5 in Dodging
  3029 | D:4      | Found Xoas's Distillery.
  3044 | D:4      | Bought a potion of heal wounds for 70 gold pieces
  3349 | D:5      | Entered Level 5 of the Dungeon
  3366 | D:5      | Reached skill level 7 in Axes
  3576 | D:5      | Reached skill level 8 in Axes
  3576 | D:5      | Reached XP level 8. HP: 30/70 MP: 7/7
  3949 | D:5      | Reached skill level 5 in Armour
  4380 | D:5      | Reached skill level 9 in Axes
  4821 | D:6      | Found a staircase to the Ecumenical Temple.
  4892 | Temple   | Entered the Ecumenical Temple
  4971 | Temple   | Became a worshipper of Trog the Wrathful
  4971 | Temple   | Reached * piety under Trog
  4971 | Temple   | Reached ** piety under Trog
  5274 | D:6      | Reached XP level 9. HP: 79/79 MP: 8/8
  5277 | D:6      | Noticed Grinder
  5285 | D:6      | Killed Grinder
  5484 | D:6      | Reached skill level 10 in Axes
  5742 | D:7      | Noticed Prince Ribbit
  5759 | D:7      | Killed Prince Ribbit
  6133 | D:7      | Found a blossoming altar of Fedhas.
  6147 | D:7      | Noticed an oklob plant
  6250 | D:7      | Found a glowing silver altar of Zin.
  6250 | D:7      | Found a shadowy altar of Dithmenos.
  6516 | D:8      | Reached *** piety under Trog
  6626 | D:8      | Noticed Joseph
  6642 | D:8      | Killed Joseph
  6642 | D:8      | Reached skill level 11 in Axes
  6741 | D:8      | Reached XP level 10. HP: 90/90 MP: 9/9
  6849 | D:8      | Noticed a two-headed ogre
  6860 | D:8      | Killed a two-headed ogre
  7300 | D:8      | Reached skill level 12 in Axes
  7646 | D:9      | Found a runed translucent door.
  7655 | D:9      | Received a gift from Trog
  7661 | D:9      | Reached **** piety under Trog
  7669 | D:9      | Found a shimmering altar of Xom.
  7669 | D:9      | Noticed infcreate's ghost (novice DECj)
  7669 | D:9      | Noticed a +0 flail of chaos
  8138 | D:9      | Noticed a two-headed ogre
  8150 | D:9      | Killed a two-headed ogre
  8283 | D:9      | Reached XP level 11. HP: 79/99 MP: 10/10
  8298 | D:9      | Reached skill level 13 in Axes
  8388 | D:9      | Reached skill level 10 in Fighting
  8528 | D:9      | Found a radiant altar of Vehumet.
  8817 | D:9      | Found an ancient bone altar of Kikubaaqudgha.
  8818 | D:9      | Found an iron altar of Okawaru.
  9068 | D:10     | Entered Level 10 of the Dungeon
 10480 | D:11     | Reached ***** piety under Trog
 10537 | D:11     | Found a staircase to the Lair.
 10549 | D:11     | Noticed an eight-headed hydra
 10549 | D:11     | Noticed a fire dragon
 10762 | D:10     | HP: 3/101 [eight-headed hydra (8)]
 10764 | D:10     | HP: 1/101 [eight-headed hydra (3)]
 10765 | D:10     | Slain by an eight-headed hydra

Levels and vault maps discovered:
D:1:      dpeg_arrival_pits, layout_basic, minmay_bisected
D:2:      layout_basic
D:3:      layout_loops_ring, first_ration, corexii_leaking_fountain,
          wad_floor_pattern_untrapped
D:4:      old_forge, layout_loops_ring, serial_shops, shop
D:5:      layout_basic
D:6:      layout_basic, minmay_temple_entry_butterflies, uniq_grinder
D:7:      layout_rooms, gammafunk_temple_overflow_wave, the_bakery,
          minmay_misc_feat_plants, tgw_fedhas, uniq_prince_ribbit1
D:8:      layout_basic, patterned_corridor, uniq_joseph
D:9:      layout_stronghold, gammafunk_temple_overflow_pools, ebering_ghost_xom,
          st_stairs_13, lemuel_centaur_altar
D:10:     layout_cave_pods
D:11:     layout_cave_pools, minmay_lair_entry_lava, enter_trove_2
Temple:   dpeg_five_rooms_temple

Skill      XL: |  1  2  3  4  5  6  7  8  9 10 11 |
---------------+----------------------------------+-----
Axes           | 4 5 6 8 9 11 12 13 | 13.8
Armour         | 1 2 3 4 6 7 8 9 |  9.7
Fighting       | 4 5 6 7 8 9 10 | 10.5
Dodging        | 4 5 6 7 9 |  9.6
Throwing       | |  0.4
Stealth        | |  1.5

Action                   |  1- 3 |  4- 6 |  7- 9 | 10-12 || total
-------------------------+-------+-------+-------+-------++-------
Melee: Hand axe          |    98 |   129 |     5 |       ||   232
       Headbutt          |    11 |    26 |    82 |    67 ||   186
       Executioner's axe |       |       |   331 |   333 ||   664
       Dire flail        |       |       |       |     8 ||     8
  Use: Scroll            |       |       |    21 |     1 ||    22
       Potion            |       |       |       |     2 ||     2
 Stab: Sleeping          |     3 |       |       |       ||     3
  Eat: Chunk             |     2 |     3 |    21 |    16 ||    42
Armor: Robe              |    10 |       |       |       ||    10
       Chain mail        |    18 |   103 |    10 |       ||   131
       Crystal plate arm |       |       |   438 |   656 ||  1094
Dodge: Dodged            |    59 |    75 |    94 |   231 ||   459
